 Dungeon Crawl Stone Soup version 0.31-a0-1074-g0b22e4e0f1 (webtiles) character file.

Game seed: 4051457370680362616

1979 Lobster4 the Covert (level 9, -3/45 HPs)
             Began as a Spriggan Brigand on Dec 1, 2023.
             Was an Initiate of Dithmenos.
             Slain by a yak (10 damage)
             ... on level 8 of the Dungeon.
             The game lasted 00:29:04 (7733 turns).

Lobster4 the Covert (Spriggan Brigand)              Turns: 7733, Time: 00:29:05

Health: -3/45      AC:  3    Str:  7    XL:     9   Next: 1%
Magic:  12/12      EV: 21    Int: 13    God:    Dithmenos [......]
Gold:   394        SH:  5    Dex: 20    Spells: 8/11 levels left

rFire   . . .        b - +0 sling (freeze)
rCold   + . .        (no shield)
rNeg    + . .        k - +0 robe {rC+}
rPois   .            (helmet restricted)
rElec   .            c - +0 cloak
rCorr   .            (gloves unavailable)
SInv    +            (boots unavailable)
Will    ++...        s - amulet of reflection
Stlth   ++++         m - ring of willpower
HPRegen 0.27/turn    t - ring of positive energy
MPRegen 0.13/turn

%: reflection
@: hasted, very quick
A: very small, no large weapons, unfitting armour, see invisible, speed 3
a: Renounce Religion


You were on level 8 of the Dungeon.
You worshipped Dithmenos.
Dithmenos was noncommittal.
You visited 2 branches of the dungeon, and saw 9 of its levels.

You collected 394 gold pieces.

Inventory:

Hand Weapons
 a - a +3 dagger
 b - a +0 sling of freezing (weapon)
 e - a +0 orcbow
 h - a +0 short sword
 o - a +0 dagger of speed
 q - a +2 heavy dagger
 x - a +1 whip of venom
Missiles
 d - 10 poisoned darts
 g - 51 stones
 r - a curare-tipped dart
Armour
 c - a +0 cloak (worn)
 k - a +0 robe of cold resistance (worn)
Jewellery
 m - a ring of willpower (left hand)
 s - an amulet of reflection (around neck)
 t - a ring of positive energy (right hand)
 z - a ring of magical power
Talismans
 l - a blade talisman
 w - a maw talisman
Wands
 f - a wand of flame (30)
 y - a wand of polymorph (22)
Scrolls
 j - a scroll of brand weapon
 C - a scroll of vulnerability
Potions
 i - a potion of enlightenment {unknown}
 n - 2 potions of magic {unknown}
 p - 4 potions of heal wounds {unknown}
 v - a potion of mutation {unknown}
 A - 2 potions of berserk rage {unknown}
 B - 2 potions of curing


   Skills:
 + Level 4.0 Fighting
 + Level 5.4 Short Blades
 + Level 2.1 Ranged Weapons
 + Level 4.0 Throwing
 + Level 6.0 Dodging
 + Level 9.1 Stealth
 + Level 1.8 Spellcasting
 + Level 1.8 Hexes
 + Level 2.0 Invocations
 - Level 3.0 Evocations
 + Level 4.6 Shapeshifting


You had 8 spell levels left.
You knew the following spells:

 Your Spells              Type           Power      Damage    Failure   Level
a - Sigil of Binding      Hex            6%         N/A       36%         3

Your spell library contained the following spells:

 Spells                   Type           Power      Damage    Failure   Level
 Tukima's Dance           Hex            6%         N/A       36%         3
 Dazzling Flash           Conj/Hex       6%         N/A       47%         3
 Call Canine Familiar     Summ           1%         N/A       61%         3
 Ignite Poison            Fire/Tmut/Pois 1%         N/A       61%         3
 Volatile Blastmotes      Fire/Tloc      2%         2d10      61%         3
 Dimensional Bullseye     Hex/Tloc       1%         N/A       87%         4
 Leda's Liquefaction      Hex/Erth       1%         N/A       87%         4
 Passage of Golubria      Tloc           1%         N/A       95%         4
 Sticky Flame             Conj/Fire      1%         2d3       95%         4
 Yara's Violent Unravell  Hex/Tmut       1%         3d3       99%         5
 Simulacrum               Ice/Necr       0%         N/A       100%        6
 Starburst                Conj/Fire      0%         6d3       100%        6
 Ozocubu's Refrigeration  Ice            0%         4d7       100%        7
 Ignition                 Fire           0%         3d3       100%        8
 Maxwell's Capacitive Co  Air            0%         ∞         100%        8
 Polar Vortex             Ice            0%         N/A       100%        9


Dungeon Overview and Level Annotations

Branches:
Dungeon (8/15)             Temple (1/1) D:4
   Lair: D:8-11

Altars:
Ashenzari
Cheibriados
Dithmenos
Fedhas
Gozag
Hepliaklqana
Kikubaaqudgha
Makhleb
Nemelex Xobeh
Qazlal
Ru
Sif Muna
Trog
Vehumet
Xom
Yredelemnul

Shops:
D:3 *   D:7 [

Annotations:
D:3 1 exclusion
D:5 Menkaure, Prince Ribbit
D:7 Maurice


Innate Abilities, Weirdness & Mutations

You are very small and have problems with some larger weapons.
You are too small for most types of armour.
You have supernaturally acute eyesight. (SInv)
You cover ground extremely quickly. (Speed+++)


Message History

The kobold barely misses you.
An orc comes into view. It is wielding a +0 short sword.
The kobold closely misses you.
You shoot a sling bullet.
The sling bullet completely misses the kobold.
You block the kobold's attack. The kobold hits you with a +0 club.
An orc comes into view. It is wielding a +0 dagger.
The kobold brigand hits you with a +0 dagger.
You shoot a sling bullet.
The sling bullet hits the kobold but does no damage.
The kobold is severely wounded.
The kobold misses you. The kobold barely misses you.
A gnoll comes into view. It is wielding a +0 club.
The yak closely misses you.
The kobold brigand hits you with a +0 dagger.
You shoot a sling bullet.
The sling bullet barely misses the kobold.
The kobold hits you with a +0 club.
* * * LOW HITPOINT WARNING * * *
The yak closely misses you. The kobold hits you with a +0 club.
* * * LOW HITPOINT WARNING * * *
You shoot a sling bullet.
The sling bullet barely misses the kobold.
The kobold closely misses you. You block the kobold's attack.
The yak closely misses you.
The kobold brigand completely misses you.
You shoot a sling bullet.
The sling bullet closely misses the kobold.
You shoot a sling bullet.
The sling bullet closely misses the kobold.
The kobold completely misses you. The kobold closely misses you.
The yak gores you.
* * * LOW HITPOINT WARNING * * *
The kobold brigand hits you with a +0 dagger.
* * * LOW HITPOINT WARNING * * *
You shoot a sling bullet.
The sling bullet barely misses the kobold.
A gnoll comes into view. It is wielding a +0 club.
You block the kobold's attack. The kobold barely misses you. The yak gores you!
You die...

#.....#.....## ######..#....#
.............## ##............#
..............###.......###...#
..............)...#.##### ###
....>.........####..#
........).....# #.##
............KY####.#
......K<..gKYK##...#
......K...oFYY@K.###
......#..oDcYK####
#.######g###### # #.# ... ###


You could see 5 yaks, an acid dragon, a kobold brigand, a bullfrog, a centaur, 2
gnolls, 2 orcs and 4 kobolds.

Vanquished Creatures
  Edmund (D:5)
  A water moccasin (D:4)
  An orc warrior (D:5)
  A sky beast (D:7)
  An ice beast (D:6)
  2 phantoms
  3 bullfrogs
  2 scorpions
  4 hounds
  A jelly (D:5)
  5 orc priests
  Crazy Yiuf (D:7)
  A gnoll bouda (D:7)
  Ijyb (D:3)
  Natasha (thrice) (D:2)
  5 iguanas
  6 orc wizards
  4 gnolls
  5 adders
  2 shadow imps
  2 white imps
  2 ufetubi (D:7)
  5 worms
  6 dart slugs
  20 orcs
  6 endoplasms
  9 goblins
  6 hobgoblins
  4 jackals
  7 quokkas
  8 ball pythons
  12 bats
  7 frilled lizards
  10 kobolds
  3 rats
157 creatures vanquished.

Notes
Turn   | Place    | Note
-------+----------+-------------------------------------------
     0 | D:1      | Lobster4 the Spriggan Brigand began the quest for the Orb.
     0 | D:1      | Reached XP level 1. HP: 10/10 MP: 2/2
   145 | D:1      | Reached skill level 6 in Stealth
   147 | D:1      | Reached XP level 2. HP: 14/15 MP: 3/3
   363 | D:1      | Reached XP level 3. HP: 4/18 MP: 4/4
   629 | D:1      | Found a faded altar of an unknown god.
  1233 | D:2      | Reached XP level 4. HP: 23/23 MP: 5/5
  1373 | D:2      | Noticed Natasha
  1375 | D:2      | Killed Natasha
  1384 | D:2      | Reached skill level 1 in Shapeshifting
  1859 | D:2      | Noticed Natasha
  1868 | D:2      | Killed Natasha
  1869 | D:2      | Reached XP level 5. HP: 26/26 MP: 6/6
  1881 | D:2      | Noticed Natasha
  1892 | D:2      | Killed Natasha
  2602 | D:3      | Found Epsek's Assorted Antiques.
  2663 | D:3      | Found a broken altar of Ashenzari.
  2710 | D:3      | Noticed Ijyb
  2711 | D:3      | Killed Ijyb
  2989 | D:4      | Noticed a water moccasin
  2993 | D:4      | Killed a water moccasin
  2994 | D:4      | Reached skill level 7 in Stealth
  2994 | D:4      | Reached skill level 1 in Evocations
  2994 | D:4      | Reached XP level 6. HP: 32/32 MP: 7/7
  3166 | D:4      | Found a staircase to the Ecumenical Temple.
  3239 | Temple   | Entered the Ecumenical Temple
  3951 | D:4      | Found a blossoming altar of Fedhas.
  4057 | D:5      | Entered Level 5 of the Dungeon
  4057 | D:5      | Noticed Menkaure
  4073 | D:5      | Noticed Prince Ribbit
  4100 | D:5      | Found a stormy altar of Qazlal.
  4283 | D:5      | Found a burning altar of Makhleb.
  4375 | D:5      | Reached XP level 7. HP: 36/36 MP: 8/8
  4394 | D:5      | Noticed Edmund
  4407 | D:5      | Killed Edmund
  4582 | D:5      | Reached skill level 8 in Stealth
  4867 | D:6      | Reached skill level 1 in Ranged Weapons
  4867 | D:6      | Reached skill level 5 in Dodging
  4932 | D:6      | Found a shadowy altar of Dithmenos.
  4950 | D:6      | Reached XP level 8. HP: 32/40 MP: 9/9
  4974 | D:6      | Became a worshipper of Dithmenos the Shadowed
  5061 | D:5      | Found a snail-covered altar of Cheibriados.
  5783 | D:6      | Reached skill level 5 in Short Blades
  5783 | D:6      | Reached skill level 1 in Invocations
  5798 | D:6      | Found a hazy altar of Hepliaklqana.
  5834 | D:6      | Found an opulent altar of Gozag.
  5982 | D:6      | Learned a level 3 spell: Sigil of Binding
  6405 | D:7      | Reached skill level 1 in Spellcasting
  6405 | D:7      | Reached skill level 1 in Hexes
  6498 | D:7      | Noticed Maurice
  7158 | D:7      | Found a runed translucent door.
  7159 | D:7      | Noticed Crazy Yiuf
  7171 | D:7      | Killed Crazy Yiuf
  7172 | D:7      | Reached skill level 9 in Stealth
  7299 | D:7      | Found Wytsinku's Antique Armour Boutique.
  7725 | D:8      | Reached XP level 9. HP: 29/45 MP: 12/12
  7733 | D:8      | Slain by a yak

Illustrated notes

Levels and vault maps discovered:
D:1:      amcnicky_arrival_wind_blow, layout_rooms,
          shapermc_ecumenical_altar_gd, minmay_pentomino_v4
D:2:      layout_loops_ring, minmay_misc_feat_tiny, minmay_small_reverse_x,
          uniq_natasha
D:3:      layout_loops_cross, cheibrodos_ashenzari_chains, serial_shops,
          nicolae_shop_tiny_real_fake_doors, minmay_surrounded, uniq_ijyb
D:4:      layout_loops_cross, general_overflow_altar, minmay_temple_entry_ruins
D:5:      layout_loops_cross, cheibrodos_worm_habitat,
          mainiacjoe_overflow_tiny_flanked, mainiacjoe_overflow_24_doors,
          pf_guarded_unrand_meek, uniq_edmund, uniq_menkaure,
          uniq_prince_ribbit1
D:6:      layout_basic, nzn_hepliaklqana_mist_gate, grunt_gozag_breadcrumbs,
          old_standard_altar, lemuel_flamethrower_1
D:7:      layout_layer_cave, serial_shops, shop, uniq_maurice,
          uniq_crazy_yiuf_cottage
D:8:      layout_rooms, good_gods_mini_temple, minmay_misc_feat_chi
Temple:   nicolae_temple_ecumenical_triangle

Skill      XL: |  1  2  3  4  5  6  7  8 |
---------------+-------------------------+-----
Stealth        | 6 7 8 9 |  9.1
Dodging        | 2 3 4 5 6 |  6.0
Fighting       | 2 3 4 |  4.0
Short Blades   | 3 4 5 |  5.4
Shapeshifting  | 1 2 3 4 |  4.6
Throwing       | 3 4 |  4.0
Evocations     | 1 2 3 |  3.0
Ranged Weapons | 1 2 |  2.1
Invocations    | 2 |  2.0
Spellcasting   | 1 |  1.8
Hexes          | 1 |  1.8

Action                     |  1- 3 |  4- 6 |  7- 9 || total
---------------------------+-------+-------+-------++-------
  Melee: Dagger            |   127 |   119 |    76 ||   322
         Punch             |       |     1 |     1 ||     2
   Fire: Sling             |       |    34 |   299 ||   333
  Throw: Dart              |    16 |    40 |    22 ||    78
  Evoke: Wand              |       |       |    13 ||    13
    Use: Scroll            |       |     5 |     7 ||    12
         Potion            |       |       |     1 ||     1
   Stab: Sleeping          |    14 |    11 |     2 ||    27
         Distracted        |     1 |       |       ||     1
 Armour: Robe              |    36 |    33 |    92 ||   161
  Dodge: Dodged            |    89 |    69 |   203 ||   361
  Block: Other             |       |     9 |    49 ||    58
         Reflection        |       |       |     4 ||     4

Table legend: (Time is in decaauts)
 A = Elapsed time spent in this place.
 B = Non-inter-level travel time spent in this place.
 C = Inter-level travel time spent in this place.
 D = Time resting spent in this place.
 E = Time spent auto-exploring this place.
 F = Levels seen in this place.
 G = Mean time per level.
                   A        B        C        D        E       F      G
               +--------+--------+--------+--------+--------+-----+--------+
         Total |   5629 |   5410 |    219 |   1063 |   2512 |   9 |  625.4 |
       Dungeon |   5627 |   5408 |    219 |   1063 |   2512 |   8 |  703.4 |
        Temple |      1 |      1 |      0 |      0 |      0 |   1 |    1.0 |
               +--------+--------+--------+--------+--------+-----+--------+

Top non-repeatable levels by time:
     D:7: 1033 daAuts
     D:2: 1009 daAuts
     D:5: 907 daAuts
     D:6: 823 daAuts
     D:4: 791 daAuts
     D:1: 557 daAuts
     D:3: 414 daAuts
     D:8: 90 daAuts
  Temple: 1 daAuts
